 Dungeon Crawl Stone Soup version 0.31-a0-354-g827e0957a7 (webtiles) character file.

Game seed: 15443778970435147481

847 Sabo the Chopper (level 8, -5/62 HPs)
             Began as a Formicid Monk on July 23, 2023.
             Was a Believer of Qazlal.
             Slain by an orc warrior
             ... wielding a +0 glaive
              (17 damage)
             ... on level 5 of the Dungeon.
             The game lasted 00:29:07 (5638 turns).

Sabo the Chopper (Formicid Monk)                    Turns: 5638, Time: 00:29:08

Health: -5/62      AC:  8    Str: 18    XL:     8   Next: 20%
Magic:  8/8        EV: 12    Int: 10    God:    Qazlal [**....]
Gold:   314        SH:  2    Dex: 16    Spells: 7/7 levels left

rFire   + . .        y - +5 club (spect)
rCold   . . .        d - orb {light}
rNeg    . . .        l - +1 ring mail {rF+}
rPois   .            (helmet unavailable)
rElec   .            (no cloak)
rCorr   +            (no gloves)
SInv    +            A - +0 pair of boots
Will    .....        (no amulet)
Stlth   +            n - ring of resist corrosion
HPRegen 0.30/turn    (no ring)
MPRegen 0.11/turn

%: no passive effects
@: glowing
A: permanent stasis, dig shafts and tunnels, antennae 3, four strong arms
a: Dig, Shaft Self, Renounce Religion, Upheaval


You were on level 5 of the Dungeon.
You worshipped Qazlal.
Qazlal was pleased with you.
You visited 2 branches of the dungeon, and saw 6 of its levels.
You also visited: Sewer.

You collected 314 gold pieces.

Inventory:

Hand Weapons
 b - a +0 sling
 o - a +0 morningstar
 u - a +0 war axe
 y - a +5 spectral club (weapon)
 z - a +2 falchion of holy wrath
Missiles
 v - a curare-tipped dart
Armour
 d - an orb of light (worn)
 l - a +1 ring mail of fire resistance (worn)
 A - a +0 pair of boots (worn)
Jewellery
 n - a ring of resist corrosion (left hand)
Wands
 r - a wand of polymorph (7)
 t - a wand of mindburst (16)
Scrolls
 e - a scroll of silence
 f - a scroll of fear {unknown}
 h - a scroll of fog {unknown}
 p - a scroll of enchant armour {unknown}
 q - a scroll of torment {unknown}
 s - a scroll of revelation
 B - a scroll of vulnerability {unknown}
Potions
 c - a potion of ambrosia
 g - 4 potions of might
 i - a potion of mutation {unknown}
 j - 2 potions of brilliance {unknown}
 k - 2 potions of magic {unknown}
 m - 2 potions of berserk rage {unknown}
 w - a potion of cancellation {unknown}
 x - a potion of resistance {unknown}


   Skills:
 + Level 5.0 Fighting
 + Level 6.1(6.3) Axes
 + Level 2.0(4.4) Maces & Flails
 + Level 4.2 Armour
 + Level 3.9 Dodging
 + Level 1.5 Stealth


You had 7 spell levels left.
You didn't know any spells.
Your spell library contained the following spells:

 Spells                   Type           Power      Damage    Failure   Level
 Necrotise                Necr           0%         1d4       54%         1
 Vampiric Draining        Necr           0%         2d6       88%         3
 Manifold Assault         Tloc           0%         N/A       99%         4
 Agony                    Necr           0%         N/A       100%        5
 Blink                    Tloc           Unusable   N/A       N/A         2

Dungeon Overview and Level Annotations

Branches:
Dungeon (5/15)             Temple (1/1) D:5           Sewer (visited)

Altars:
Ashenzari
Elyvilon
Fedhas
Gozag
Okawaru
Qazlal
Ru
Trog
Wu Jian
Zin
The Shining One

Shops:
D:4 *


Innate Abilities, Weirdness & Mutations

You cannot be hasted, slowed, berserked, paralysed or teleported.
You can dig through walls and to a lower floor.
You have a pair of large antennae on your head. (SInv)
Your four strong arms can wield two-handed weapons with a shield.


Message History

The sleepcap releases spores at you.
You are engulfed in a cloud of soporific spores!
You fall asleep.
The orc hits you with a +0 dagger!
You wake up.
The orc warrior hits you from afar with a +0 glaive!
Your +5 spectral club is engulfed in freezing vapours.
You hit the sleepcap.
The sleepcap is lightly damaged.
Your +5 spectral club hits the sleepcap.
The orc completely misses you. The orc hits you with a +0 dagger.
The orc warrior hits you from afar with a +0 glaive!
The sleepcap barely misses you.
You hit the sleepcap.
The sleepcap is moderately damaged.
Your +5 spectral club hits the sleepcap.
Your +5 spectral club is engulfed in a thunderstorm. x2
The sleepcap is engulfed in blazing flames.
The sleepcap barely misses you. The orc barely misses you.
The orc hits you but does no damage. The orc warrior closely misses you.
You thump the orc!
You kill the orc!
Qazlal accepts your kill.
Your +5 spectral club disappears.
The sleepcap is engulfed in blazing flames.
You destroy the sleepcap!
Qazlal accepts your kill. The orc hits you but does no damage.
The orc warrior hits you from afar with a +0 glaive!
* * * LOW HITPOINT WARNING * * *
Your base Maces & Flails skill increases to level 2!
The orc closely misses you.
The orc warrior hits you with a +0 glaive.
* * * LOW HITPOINT WARNING * * *
Items here: ))) [[ †††.
You hit the orc warrior.
The orc warrior is lightly wounded.
Your +5 spectral club hits the orc warrior.
The orc barely misses you.
The orc warrior hits you with a +0 glaive!
You die...

?.........# ≈≈≈≈
##......... ≈#≈
≈#≈~........
≈≈≈≈≈≈≈#.......
#≈≈#≈##.##<#.#######
≈≈≈#..##.#....#..
#~#........#.#.#
...#~##o....####)).#.##.
.......@....# #).......
......o(....# #...#.###
############# #...#....
######### # # #


You could see an orc warrior, an orc and a friendly +5 spectral club.

Vanquished Creatures
  An ice beast (D:5)
  A phantom (D:3)
  A kobold brigand (Sewer)
  3 scorpions
  A jelly (D:5)
  A hound (D:4)
  A sleepcap (D:5)
  2 iguanas
  Ijyb (D:4)
  Robin (D:4)
  8 adders
  A river rat (Sewer)
  3 worms
  A dart slug (D:1)
  17 orcs
  13 ball pythons
  6 bats
  6 endoplasms
  7 giant cockroaches
  20 goblins
  16 hobgoblins
  13 jackals
  4 quokkas
  4 frilled lizards
  9 kobolds
  14 rats
155 creatures vanquished.

Notes
Turn   | Place    | Note
-------+----------+-------------------------------------------
     0 | D:1      | Sabo the Formicid Monk began the quest for the Orb.
     0 | D:1      | Reached XP level 1. HP: 18/18 MP: 1/1
    97 | D:1      | Reached XP level 2. HP: 15/24 MP: 2/2
   394 | D:1      | Reached XP level 3. HP: 28/30 MP: 3/3
  1087 | D:2      | Found a faded altar of an unknown god.
  1200 | D:2      | Reached XP level 4. HP: 37/37 MP: 4/4
  1713 | D:2      | Found a white marble altar of Elyvilon.
  2282 | D:3      | Reached skill level 4 in Axes
  2317 | D:3      | Reached skill level 1 in Armour
  2326 | D:3      | Reached XP level 5. HP: 41/42 MP: 5/5
  2471 | D:3      | Noticed a phantom
  2489 | D:3      | Killed a phantom
  3052 | D:3      | Reached XP level 6. HP: 44/48 MP: 6/6
  3446 | D:4      | Noticed Robin
  3459 | D:4      | Killed Robin
  3521 | D:4      | Found Zesuireo's Gadget Gallery.
  3567 | D:4      | Reached skill level 5 in Axes
  3575 | D:4      | Found a glowing drain.
  3646 | Sewer    | Entered a sewer
  4092 | Sewer    | Reached XP level 7. HP: 46/55 MP: 7/7
  4359 | D:4      | Upgraded the game from 0.31-a0-345-g1ebeae05c6 to
                  | 0.31-a0-354-g827e0957a7
  4437 | D:4      | Noticed Ijyb
  4442 | D:4      | Killed Ijyb
  4866 | D:4      | Reached skill level 1 in Stealth
  5174 | D:5      | Entered Level 5 of the Dungeon
  5184 | D:5      | Reached skill level 6 in Axes
  5184 | D:5      | Reached skill level 1 in Maces & Flails
  5318 | D:5      | Reached XP level 8. HP: 61/61 MP: 8/8
  5405 | D:5      | Found a staircase to the Ecumenical Temple.
  5414 | Temple   | Entered the Ecumenical Temple
  5468 | Temple   | Became a worshipper of Qazlal Stormbringer
  5468 | Temple   | Reached * piety under Qazlal
  5468 | Temple   | Reached ** piety under Qazlal
  5577 | D:5      | Reached skill level 5 in Fighting
  5638 | D:5      | Slain by an orc warrior

Illustrated notes

Levels and vault maps discovered:
D:1:      psy_arrival_fountain, layout_basic, minmay_cut_off
D:2:      cheibrodos_greedy_goblins, layout_rooms, basic_altar, serial_aquarium,
          aquarium_bridge_square [aquarium_subvault_bridge,
          aquarium_subvault_wall, aquarium_subvault_wall,
          aquarium_subvault_bridge], aquarium_bridge_island_large
          [aquarium_subvault_large_water, aquarium_subvault_bridge,
          aquarium_subvault_wall, aquarium_subvault_bridge,
          aquarium_subvault_window], aquarium_window_2, aquarium_window_fake,
          aquarium_window_fake, aquarium_view_2d, aquarium_balcony_3b,
          aquarium_pool_side, ebering_ecumenical_altar_ruins,
          reono_crystal_passage, hangedman_feature_mirror, serial_bayou_ford_a,
          minivault_27
D:3:      layout_basic
D:4:      layout_loops_cross, portal_sewer_entry_c, nicolae_shop_gadgets,
          uniq_robin, uniq_ijyb
D:5:      layout_basic, minmay_temple_entry_junction, minivault_4
Temple:   hellmonk_temple_beads

Skill      XL: |  1  2  3  4  5  6  7  8 |
---------------+-------------------------+-----
Dodging        | 3 |  3.9
Fighting       | 4 5 |  5.0
Axes           | 4 5 6 |  6.1
Armour         | 1 2 3 4 |  4.2
Stealth        | 1 |  1.5
Maces & Flails | 1 2 |  2.0

Action                     |  1- 3 |  4- 6 |  7- 9 || total
---------------------------+-------+-------+-------++-------
  Melee: Hand axe          |   105 |   254 |    35 ||   394
         Club              |       |       |    64 ||    64
         Morningstar       |       |       |    12 ||    12
    Use: Scroll            |       |     1 |     4 ||     5
   Stab: Distracted        |       |       |     1 ||     1
 Armour: Robe              |    15 |       |       ||    15
         Ring mail         |    13 |   115 |    30 ||   158
  Dodge: Dodged            |   100 |   168 |    76 ||   344

Table legend: (Time is in decaauts)
 A = Elapsed time spent in this place.
 B = Non-inter-level travel time spent in this place.
 C = Inter-level travel time spent in this place.
 D = Time resting spent in this place.
 E = Time spent auto-exploring this place.
 F = Levels seen in this place.
 G = Mean time per level.
                   A        B        C        D        E       F      G
               +--------+--------+--------+--------+--------+-----+--------+
         Total |   5815 |   5815 |      0 |    944 |      0 |   7 |  830.7 |
       Dungeon |   4891 |   4891 |      0 |    721 |      0 |   5 |  978.2 |
        Temple |     88 |     88 |      0 |      0 |      0 |   1 |   88.0 |
         Sewer |    836 |    836 |      0 |    223 |      0 |   1 |  836.0 |
               +--------+--------+--------+--------+--------+-----+--------+

Top non-repeatable levels by time:
     D:2: 1217 daAuts
     D:3: 1166 daAuts
     D:4: 1098 daAuts
     D:1: 1028 daAuts
   Sewer: 836 daAuts
     D:5: 379 daAuts
  Temple: 88 daAuts
